 Dungeon Crawl Stone Soup version 0.23.2-33-g5129a83184 (webtiles) character file.

Game seed: 13238129233915093238

117 doot the Magician (level 4, -3/24 HPs)
             Began as a Deep Elf Fire Elementalist on June 28, 2019.
             Slain by a sky beast (6 damage)
             ... on level 5 of the Dungeon.
             The game lasted 00:07:08 (2990 turns).

doot the Magician (Deep Elf Fire Elementalist)      Turns: 2990, Time: 00:07:09

Health: -3/24      AC:  2    Str:  5    XL:     4   Next: 71%
Magic:  5/12       EV: 13    Int: 21    God:
Gold:   147        SH:  0    Dex: 15    Spells: 4/12 levels left

rFire    . . .     SeeInvis .   l - +1 short sword (elec)
rCold    . . .     Gourm    .   (no shield)
rNeg     . . .     Faith    .   a - +0 robe
rPois    .         Spirit   .   (no helmet)
rElec    .         Reflect  .   (no cloak)
rCorr    .         Harm     .   (no gloves)
MR       .....                  (no boots)
Stlth    ++........             (no amulet)
HPRegen  0.08/turn              (no ring)
MPRegen  0.13/turn              (no ring)

@: very slightly contaminated, hasted, very quick
A: no striking features
a: no special abilities


You were on level 5 of the Dungeon.
You were near starving.

You visited 1 branch of the dungeon, and saw 5 of its levels.

You collected 147 gold pieces.

Inventory:

Hand Weapons
 l - a +1 short sword of electrocution (weapon)
Armour
 a - a +0 robe (worn)
 q - a cursed +0 buckler
Jewellery
 p - an uncursed ring of protection from fire
Scrolls
 f - a scroll of blinking {unknown}
 g - 3 scrolls of teleportation {unknown}
 i - a scroll of enchant armour {unknown}
 j - 2 scrolls of immolation {unknown}
 k - 4 scrolls of remove curse {unknown}
 m - 3 scrolls of noise {unknown}
 n - 8 scrolls of identify {unknown}
 r - a scroll of enchant weapon {unknown}
 s - 4 scrolls of amnesia {unknown}
Potions
 b - a potion of invisibility {unknown}
 d - 2 potions of heal wounds {unknown}
 e - a potion of curing {unknown}
 h - 2 potions of haste
 o - a potion of flight {unknown}
 t - a potion of resistance {unknown}
Comestibles
 c - 13 rations


   Skills:
 + Level 3.0 Dodging
 + Level 2.8 Stealth
 + Level 4.5 Spellcasting
 + Level 2.1 Conjurations
 + Level 4.4 Fire Magic


You had 4 spell levels left.
You knew the following spells:

 Your Spells              Type           Power        Failure   Level  Hunger
a - Flame Tongue          Conj/Fire      ###..        3%          1    None
b - Conjure Flame         Conj/Fire      ###.....     9%          3    ##.....
c - Sticky Flame          Conj/Fire      ###.....     28%         4    ####...

Your spell library contained the following spells:

 Spells                   Type           Power        Failure   Level  Hunger
 Throw Flame              Conj/Fire      ###...       4%          2    #......
 Inner Flame              Hex/Fire       ##......     14%         3    ##.....
 Fireball                 Conj/Fire      ###.......   63%         5    ######.


Dungeon Overview and Level Annotations

Branches:
Dungeon (4/15)
 Temple: D:4-7

Altars:
Cheibriados
Fedhas
Ru
Sif Muna

Annotations:
D:3 exclusion: oklob plant


Message History

The sky beast shocks you.
The sky beast flickers out of sight!
Deactivating autopickup; reactivate with Ctrl-A.
Found a flail.
You see here a scroll labeled INWYESTRARI.
A sky beast appears from thin air!
Reactivating autopickup.
You see here a hunting sling.
The sky beast flickers out of sight!
Deactivating autopickup; reactivate with Ctrl-A.
Something hits you. Something shocks you.
* * * LOW HITPOINT WARNING * * *
Casting: Sticky Flame (quite dangerous; 28% risk of failure)
Confirm with . or Enter, or press ? or * to list all spells.
You can't see any susceptible monsters within range! (Use Z to cast anyway.) Unknown command.
It was a potion of haste.
You feel yourself speed up. Something hits you.
* * * LOW HITPOINT WARNING * * *
Something shocks you.
You die...

#.##.###)#.#...#..#
###.##.###.#.##.#...##
#.<........#.##.....%###
#.#.#.###..#§##.........
#..........#.#.......##.
#.#.#.####.#.#.##...##
#.....# #...?.# #..#
#.#.######.###.# #.#
#.#....@...# #... ...
#.##..####.# #.### .###
#§###.# ..) #§§ §.. ###
^.≈#..^# ....§ ≈^...#.
.≈..^.≈^


There were no monsters in sight!

Vanquished Creatures
  A jelly (D:5)
  An adder (D:2)
  2 oozes
  3 worms (D:2)
  3 dart slugs
  A leopard gecko (D:3)
  6 giant cockroaches
  3 hobgoblins
  6 kobolds
  A ball python (D:1)
  8 bats
  4 frilled lizards
  10 goblins
  A jackal skeleton (D:5)
  5 rats
55 creatures vanquished.

Notes
Turn   | Place    | Note
-------+----------+-------------------------------------------
     0 | D:1      | doot the Deep Elf Fire Elementalist began the quest for the
                  | Orb.
     0 | D:1      | Reached XP level 1. HP: 10/10 MP: 6/6
   307 | D:1      | Reached XP level 2. HP: 15/15 MP: 5/8
  1058 | D:1      | Reached XP level 3. HP: 19/19 MP: 5/9
  1706 | D:2      | Learned a level 3 spell: Conjure Flame
  1769 | D:2      | Found a deep blue altar of Sif Muna.
  1864 | D:2      | Reached XP level 4. HP: 24/24 MP: 8/12
  1870 | D:2      | Learned a level 4 spell: Sticky Flame
  2465 | D:3      | Found a snail-covered altar of Cheibriados.
  2538 | D:3      | Found a sacrificial altar of Ru.
  2656 | D:3      | Found a blossoming altar of Fedhas.
  2667 | D:3      | Noticed an oklob plant
  2865 | D:4      | You fall through a shaft!
  2865 | D:5      | Entered Level 5 of the Dungeon
  2869 | D:5      | Noticed a sky beast
  2990 | D:5      | Slain by a sky beast

Skill      XL: |  1  2  3  4 |
---------------+-------------+-----
Fire Magic     | 4 |  4.4
Dodging        | 3 |  3.0
Spellcasting   | 4 |  4.5
Conjurations   | 2 |  2.1
Stealth        | |  2.8

Action                   |  1- 3 |  4- 6 || total
-------------------------+-------+-------++-------
Melee: Short sword       |     8 |     4 ||    12
 Cast: Flame Tongue      |    73 |    17 ||    90
       Conjure Flame     |     1 |     2 ||     3
       Sticky Flame      |       |     1 ||     1
  Use: Potion            |       |     1 ||     1
  Eat: Chunk             |     3 |     2 ||     5
Armor: Robe              |     5 |     1 ||     6
Dodge: Dodged            |    24 |     4 ||    28
